 Dungeon Crawl Stone Soup version 0.32-a0-643-ga006e7742e (webtiles) character file.

Game seed: 2794576773538240978

7339 Esekla the Covert (level 11, -16/74 HPs)
             Began as an Octopode Delver on Mar 7, 2024.
             Was an Initiate of Gozag.
             Demolished by Gastronok (30 damage)
             ... on level 1 of the Lair of Beasts.
             The game lasted 00:55:41 (8990 turns).

Esekla the Covert (Octopode Delver)                 Turns: 8990, Time: 00:55:41

Health: -16/74     AC:  9    Str: 11    XL:     11   Next: 13%
Magic:  13/30      EV: 16    Int: 17    God:    Gozag
Gold:   820        SH:  0    Dex: 14    Spells: 12/24 levels left

rFire   . . .        s - +2 dagger (venom)
rCold   + . .        (no shield)
rNeg    . . .        (helmet restricted)
rPois   .            (no amulet)
rElec   .            k - ring of magical power
rCorr   .            u - ring of protection from cold
SInv    +            A - +4 ring of protection
Will    .....        H - +4 ring of protection
Stlth   +++++        J - ring of see invisible
HPRegen 0.32/turn    (no ring)
MPRegen 0.22/turn    (no ring)
                     (no ring)

%: no passive effects
@: very slightly contaminated
A: almost no armour, amphibious, 8 rings, camouflage 1, gelatinous body 1,
(nimble swimmer 1), tentacles
a: Renounce Religion, Potion Petition, Call Merchant, Bribe Branch


You were on level 1 of the Lair of Beasts.
You worshipped Gozag.
Gozag was pleased with you.
You visited 3 branches of the dungeon, and saw 11 of its levels.

You collected 2072 gold pieces.
You spent 1232 gold pieces at shops.
You paid 20 gold pieces to Gozag.

Inventory:

Hand Weapons
 a - a +4 scimitar
 s - a +2 dagger of venom (weapon)
 x - a +2 vampiric dagger
Missiles
 g - 23 poisoned darts
 o - 3 boomerangs (quivered)
 O - 2 javelins
Armour
 t - a +0 buckler
Jewellery
 k - a ring of magical power (left tentacle)
 u - a ring of protection from cold (right tentacle)
 A - a +4 ring of protection (on tentacle)
 H - a +4 ring of protection (on tentacle)
 J - a ring of see invisible (on tentacle)
 M - a ring of fire
Wands
 c - a wand of iceblast (19)
 f - a wand of digging (3)
 F - a wand of flame (6)
Scrolls
 b - 2 scrolls of fog
 d - a scroll of summoning {unknown}
 i - a scroll of enchant armour {unknown}
 l - 2 scrolls of blinking
 m - 3 scrolls of revelation
 n - 3 scrolls of teleportation
 v - 2 scrolls of enchant weapon {unknown}
 w - 3 scrolls of brand weapon {unknown}
 y - 2 scrolls of poison
 C - 2 scrolls of fear
 D - 2 scrolls of immolation {unknown}
 E - 3 scrolls of silence
 G - 2 scrolls of vulnerability {unknown}
 L - a scroll of acquirement {unknown}
Potions
 e - 2 potions of haste
 h - 2 potions of lignification
 j - 4 potions of brilliance
 p - 3 potions of curing
 q - a potion of ambrosia {unknown}
 r - 2 potions of heal wounds
 z - 2 potions of mutation
 B - a potion of enlightenment {unknown}
 I - a potion of invisibility {unknown}
 K - a potion of experience {unknown}
 N - a potion of berserk rage {unknown}
 P - a potion of might {unknown}


   Skills:
 * Level 6.4 Fighting
 + Level 5.3(5.7) Short Blades
 + Level 3.1(4.6) Long Blades
 + Level 2.0 Throwing
 * Level 6.5 Dodging
 - Level 10.2 Stealth
 * Level 2.1 Shields
 * Level 7.2 Spellcasting
 * Level 2.9 Conjurations
 * Level 5.7 Necromancy
 + Level 1.7 Translocations
 * Level 3.6 Fire Magic
 * Level 2.1 Alchemy
 + Level 0.6 Evocations


You had 12 spell levels left.
You knew the following spells:

 Your Spells              Type           Power      Damage    Failure   Level
d - Vampiric Draining     Necr           25%        2d7       3%          3
i - Iskenderun's Mystic   Conj/Tloc      14%        2d5       41%         4
p - Apportation           Tloc           24%        N/A       5%          1
y - Sticky Flame          Fire/Alch      16%        2d5       34%         4

Your spell library contained the following spells:

 Spells                   Type           Power      Damage    Failure   Level
 Foxfire                  Conj/Fire      68%        2x1d7     3%          1
 Volatile Blastmotes      Fire/Tloc      30%        2d12      11%         3
 Slow                     Hex            24%        N/A       12%         1
 Inner Flame              Hex/Fire       12%        N/A       16%         3
 Jinxbite                 Hex            12%        N/A       17%         2
 Dazzling Flash           Conj/Hex       22%        N/A       19%         3
 Flame Wave               Conj/Fire      17%        2d7       30%         4
 Confusing Touch          Hex            6%         N/A       34%         3
 Sigil of Binding         Hex            6%         N/A       34%         3
 Tukima's Dance           Hex            6%         N/A       34%         3
 Fulminant Prism          Conj/Alch      7%         3d6       36%         4
 Dimensional Bullseye     Hex/Tloc       4%         N/A       61%         4
 Alistair's Intoxication  Alch           8%         N/A       77%         5
 Starburst                Conj/Fire      8%         6d4       99%         6
 Plasma Beam              Fire/Air       6%         2x1d16    100%        6
 Maxwell's Capacitive Co  Air            3%         ∞         100%        8


Dungeon Overview and Level Annotations

Branches:
Dungeon (9/15)             Temple (1/1) D:5            Lair (1/5) D:9
    Orc: D:9-12

Altars:
Ashenzari
Cheibriados
Dithmenos
Elyvilon
Fedhas
Gozag
Hepliaklqana
Kikubaaqudgha
Makhleb
Nemelex Xobeh
Okawaru
Qazlal
Ru
Sif Muna
Trog
Uskayaw
Vehumet
Wu Jian
Xom
Yredelemnul
Zin
The Shining One

Shops:
D:4 =   D:6 =*(   D:7 :   D:8 !   D:9 *

Annotations:
Lair:1 Gastronok


Innate Abilities, Weirdness & Mutations

You cannot wear most types of armour.
You are amphibious.
You can wear up to eight rings at the same time.
Your skin changes colour to match your surroundings (Stealth+).
Your rubbery body absorbs attacks. (AC +1, EV +1)
((You are camouflaged when in or above water. (Stealth+)))
You have tentacles for arms and can constrict up to eight enemies at once.


Message History

You draw life force from Gastronok!
You feel life coursing into your body.
Casting: Vampiric Draining (dangerous; 3% risk of failure)
Confirm with . or Enter, or press ? or * to list all spells.
Aiming: Vampiric Draining (dangerous; 3% risk of failure)
Press: ? - help, Shift-Dir - straight line, f/p - Gastronok
Aim: Gastronok, wearing a +1 hat of willpower (heavily wounded, extremely poisoned)
You draw life force from Gastronok!
You feel life coursing into your body. Gastronok bites you!!
Casting: Vampiric Draining (dangerous; 3% risk of failure)
Confirm with . or Enter, or press ? or * to list all spells.
Aiming: Vampiric Draining (dangerous; 3% risk of failure)
Press: ? - help, Shift-Dir - straight line, f/p - Gastronok
Aim: Gastronok, wearing a +1 hat of willpower (severely wounded, extremely poisoned)
You miscast Vampiric Draining.
You are very lightly contaminated with residual magic.
Nothing appears to happen.
Casting: Vampiric Draining (dangerous; 3% risk of failure)
Confirm with . or Enter, or press ? or * to list all spells.
Aiming: Vampiric Draining (dangerous; 3% risk of failure)
Press: ? - help, Shift-Dir - straight line, f/p - Gastronok
Aim: Gastronok, wearing a +1 hat of willpower (severely wounded, extremely poisoned)
You draw life force from Gastronok.
You feel life coursing into your body. Gastronok bites you!!
* * * LOW HITPOINT WARNING * * *
Casting: Vampiric Draining (dangerous; 3% risk of failure)
Confirm with . or Enter, or press ? or * to list all spells.
Aiming: Vampiric Draining (dangerous; 3% risk of failure)
Press: ? - help, Shift-Dir - straight line, f/p - Gastronok
Aim: Gastronok, wearing a +1 hat of willpower (severely wounded, extremely poisoned)
You draw life force from Gastronok.
You feel life coursing into your body.
Casting: Vampiric Draining (dangerous; 3% risk of failure)
Confirm with . or Enter, or press ? or * to list all spells.
Aiming: Vampiric Draining (dangerous; 3% risk of failure)
Press: ? - help, Shift-Dir - straight line, f/p - Gastronok
Aim: Gastronok, wearing a +1 hat of willpower (almost dead, extremely poisoned)
You draw life force from Gastronok!
You feel life coursing into your body. Gastronok bites you!!
You die...
Gastronok gurgles, "About time.
I'm starving!"
Your body crumbles into a pile of gold.

#..................
#.#######.#...###?..
P..# ##..### ... #.##
#####.P# ..#
..#####.###..# ..#
............## ..##
............# ...#
###.#.......# ##w.#
###......####@..#
#.............#
#..#.##.##....#
#..#.....#....#
#..#...).+....#
##........#....#
#####...##..##.....##
.#.#.P..............#
........#####.###..##


You could see Gastronok (extremely poisoned).

Vanquished Creatures
  An ugly thing (D:7)
  A cane toad (Lair:1)
  Maggie (D:6)
  Grinder (D:6)
  A wyvern (Lair:1)
  A vampire (D:7)
  20 yaks
  A steam dragon (D:7)
  A water moccasin (D:7)
  3 orc warriors
  A sky beast (D:7)
  A black bear (D:7)
  2 ice beasts (D:7)
  3 centaurs
  3 kobold brigands
  6 bullfrogs
  A scorpion (D:6)
  2 gnoll sergeants
  4 wights (D:8)
  4 howler monkeys (D:8)
  A gnoll bouda (D:7)
  2 jellies
  2 bombardier beetles
  4 orc priests
  3 hounds
  Jessica (D:3)
  4 iguanas
  4 orc wizards
  6 gnolls
  6 adders
  A shadow imp (D:7)
  A white imp (D:7)
  A ribbon worm (D:5)
  2 dart slugs
  16 orcs
  5 ball pythons
  9 bats
  6 endoplasms
  A giant cockroach (D:2)
  14 goblins
  6 hobgoblins
  18 kobolds
  10 quokkas
  4 frilled lizards
  6 rats
191 creatures vanquished.

Notes
Turn   | Place    | Note
-------+----------+-------------------------------------------
     0 | D:5      | Esekla the Octopode Delver began the quest for the Orb.
     0 | D:5      | Reached XP level 1. HP: 16/16 MP: 1/1
    42 | D:5      | Found a staircase to the Ecumenical Temple.
    50 | Temple   | Entered the Ecumenical Temple
   119 | Temple   | Became a worshipper of Gozag Ym Sagoz the Greedy
   172 | D:4      | Noticed a bullfrog
   188 | D:4      | Found a burning altar of Makhleb.
   221 | D:4      | Noticed a hound
   228 | D:4      | Killed a hound
   229 | D:4      | Reached skill level 7 in Stealth
   229 | D:4      | Reached XP level 2. HP: 21/21 MP: 1/3
   229 | D:4      | Reached XP level 3. HP: 26/26 MP: 1/4
   231 | D:4      | Learned a level 1 spell: Apportation
   514 | D:3      | Noticed Jessica
   616 | D:3      | Killed Jessica
   617 | D:3      | Reached skill level 1 in Spellcasting
   617 | D:3      | Reached XP level 4. HP: 31/31 MP: 6/6
   766 | D:3      | Reached XP level 5. HP: 4/36 MP: 8/8
  1132 | D:1      | Found a faded altar of an unknown god.
  1922 | D:2      | Reached skill level 8 in Stealth
  2716 | D:4      | Found a stormy altar of Qazlal.
  2752 | D:4      | Found Ustraurch's Jewellery Shop.
  2761 | D:4      | Bought a +4 ring of protection for 432 gold pieces
  2880 | D:4      | Reached XP level 6. HP: 43/43 MP: 9/9
  2910 | D:4      | Reached skill level 1 in Short Blades
  2944 | D:4      | Learned a level 3 spell: Vampiric Draining
  3505 | D:5      | Reached XP level 7. HP: 26/48 MP: 11/11
  3793 | D:5      | Found a hide-covered altar of Uskayaw.
  3805 | D:5      | Found a sacrificial altar of Ru.
  3810 | D:5      | Reached skill level 1 in Necromancy
  3861 | D:5      | Reached skill level 9 in Stealth
  3909 | D:5      | Found a basalt altar of Yredelemnul.
  4137 | D:6      | Noticed Grinder
  4170 | D:6      | Noticed Maggie
  4170 | D:6      | Found Opostoad's Weapon Emporium.
  4179 | D:6      | Killed Maggie
  4199 | D:6      | Found a snail-covered altar of Cheibriados.
  4215 | D:6      | Reached XP level 8. HP: 54/54 MP: 12/12
  4265 | D:6      | Found Fadiury's Assorted Antiques.
  4801 | D:6      | Killed Grinder
  4802 | D:6      | Reached skill level 10 in Stealth
  4851 | D:6      | Found Nutewaun's Jewellery Emporium.
  5152 | D:6      | Found a bloodstained altar of Trog.
  5243 | D:6      | Upgraded the game from 0.32-a0-630-g46d191b0ed to
                  | 0.32-a0-643-ga006e7742e
  5277 | D:6      | Bought a scroll labelled PITWOKH KAMIM for 22 gold pieces
  5277 | D:6      | Bought a scroll labelled HISINT NUOJUBU for 22 gold pieces
  5277 | D:6      | Bought a scroll labelled WERCHE HOKOR for 22 gold pieces
  5298 | D:6      | Bought a +4 ring of protection for 540 gold pieces
  5388 | D:7      | Found Qeoweps's Book Emporium.
  5406 | D:7      | Reached skill level 5 in Fighting
  5421 | D:7      | Reached skill level 1 in Throwing
  5558 | D:7      | Reached XP level 9. HP: 61/61 MP: 15/15
  5798 | D:7      | Reached skill level 1 in Translocations
  5860 | D:7      | Noticed a brown ugly thing
  5871 | D:7      | Reached skill level 5 in Dodging
  5900 | D:7      | Killed a brown ugly thing
  5901 | D:7      | Reached skill level 5 in Spellcasting
  6134 | D:4      | Bought a ring of see invisible for 180 gold pieces
  6484 | D:7      | Identified the +1 buckler of the Gusle {rF- Int+4}
  6508 | D:7      | Learned a level 4 spell: Sticky Flame
  6513 | D:7      | Learned a level 4 spell: Iskenderun's Mystic Blast
  6610 | D:8      | Found Goupris's Distillery.
  6635 | D:8      | Bought a potion of degeneration for 14 gold pieces
  6673 | D:8      | Reached skill level 1 in Fire Magic
  6684 | D:8      | Reached skill level 1 in Conjurations
  6687 | D:8      | Reached XP level 10. HP: 36/68 MP: 10/18
  7473 | D:9      | Found Quzih's Neck Hole.
  7626 | D:9      | Reached skill level 5 in Necromancy
  7729 | D:9      | Reached skill level 1 in Shields
  7729 | D:9      | Reached skill level 1 in Alchemy
  7897 | D:9      | Found a shadowy altar of Dithmenos.
  8303 | D:9      | Found a staircase to the Lair.
  8403 | D:9      | Identified the +4 flail of Yesterday {freeze, Fly rElec
                  | Will+ Dex+4}
  8455 | Lair:1   | Entered Level 1 of the Lair of Beasts
  8464 | Lair:1   | Noticed a cane toad
  8489 | Lair:1   | Killed a cane toad
  8588 | Lair:1   | Reached skill level 5 in Short Blades
  8588 | Lair:1   | Reached XP level 11. HP: 66/74 MP: 20/20
  8980 | Lair:1   | Noticed Gastronok
  8990 | Lair:1   | Demolished by Gastronok

Illustrated notes

Levels and vault maps discovered:
D:1:      psy_arrival_spokes, layout_basic,
          hellmonk_ecumenical_altar_leap_of_faith, chequers_mini_garden
D:2:      layout_loops_ring, minmay_statues_item, kennysheep_generic_room_13
D:3:      layout_rooms, serial_bayou, serial_bayou_lagoon_a,
          serial_bayou_crossing, serial_bayou_pond_a, serial_bayou_lake_a,
          kennysheep_jessica_study
D:4:      cheibrodos_old_hovel, layout_basic, old_standard_altar,
          kennysheep_mini_moat, serial_shops, nicolae_shop_stone
D:5:      layout_loops_ring, jmf_multi_god_temple2,
          mainiacjoe_overflow_alcove_2, temple_doors_e, serial_aquarium,
          aquarium_bridge_straight [aquarium_subvault_bridge,
          aquarium_subvault_window, aquarium_subvault_bridge,
          aquarium_subvault_window], aquarium_bridge_straight
          [aquarium_subvault_bridge, aquarium_subvault_wall,
          aquarium_subvault_bridge, aquarium_subvault_wall],
          aquarium_window_fake, aquarium_window_1, aquarium_window_1,
          aquarium_view_2d, aquarium_view_2b, aquarium_pool_2,
          grunt_decor_junction
D:6:      layout_basic, mainiacjoe_overflow_cross_hatched, trog_hazing_becter,
          serial_shops, nicolae_diamond_shop, shop,
          nicolae_shop_tiny_statue_garden, uniq_maggie, uniq_grinder
D:7:      minmay_chambers_of_sixes, layout_basic, serial_shops,
          nicolae_book_shop_shelving, st_stairs_3
D:8:      layout_cave_pools, serial_shops, shop
D:9:      layout_roguey, mainiacjoe_overflow_alcove_1, lair_entry_dummy,
          nicolae_shop_sticking_my_neck_out
Temple:   eino_temple_lava
Lair:1:   layout_chaotic_city, uniq_gastronok

Skill      XL: |  1  2  3  4  5  6  7  8  9 10 11 |
---------------+----------------------------------+-----
Stealth        | 7 8 9 10 | 10.2
Spellcasting   | 1 2 3 4 5 6 7 |  7.2
Dodging        | 3 4 5 6 |  6.5
Short Blades   | 1 2 3 4 5 |  5.3
Fighting       | 4 5 6 |  6.4
Necromancy     | 2 3 4 5 |  5.7
Throwing       | 1 2 |  2.0
Translocations | 1 |  1.7
Fire Magic     | 2 3 |  3.6
Conjurations   | 1 2 |  2.9
Shields        | 2 |  2.1
Alchemy        | 2 |  2.1
Long Blades    | 3 |  3.1
Evocations     | |  0.6

Action                     |  1- 3 |  4- 6 |  7- 9 | 10-12 || total
---------------------------+-------+-------+-------+-------++-------
  Melee: Dagger            |    19 |   123 |   159 |   162 ||   463
         Tentacles         |     8 |    19 |    56 |    57 ||   140
         Constrict         |     6 |    35 |    32 |    20 ||    93
         Falchion          |     2 |       |       |       ||     2
         Long sword        |     2 |       |       |       ||     2
         Scimitar          |       |       |       |    42 ||    42
  Throw: Boomerang         |       |     1 |     8 |     7 ||    16
         Dart              |       |       |     3 |     1 ||     4
   Cast: Apportation       |     1 |       |     9 |       ||    10
         Vampiric Draining |       |       |     9 |    24 ||    33
  Evoke: Wand              |       |       |     4 |     4 ||     8
    Use: Scroll            |     1 |       |     7 |     2 ||    10
         Potion            |       |       |     2 |       ||     2
   Stab: Sleeping          |     1 |    29 |    13 |     5 ||    48
         Distracted        |       |     2 |     1 |     1 ||     4
 Armour: Skin              |     5 |    36 |    78 |    97 ||   216
  Dodge: Dodged            |     9 |    61 |    99 |   112 ||   281

Table legend: (Time is in decaauts)
 A = Elapsed time spent in this place.
 B = Non-inter-level travel time spent in this place.
 C = Inter-level travel time spent in this place.
 D = Time resting spent in this place.
 E = Time spent auto-exploring this place.
 F = Levels seen in this place.
 G = Mean time per level.
                   A        B        C        D        E       F      G
               +--------+--------+--------+--------+--------+-----+--------+
         Total |   8873 |   8418 |    455 |   1368 |   3030 |  11 |  806.6 |
       Dungeon |   8339 |   7893 |    446 |   1295 |   2924 |   9 |  926.6 |
        Temple |     19 |     11 |      8 |      0 |      0 |   1 |   19.0 |
          Lair |    515 |    515 |      0 |     73 |    106 |   1 |  515.0 |
               +--------+--------+--------+--------+--------+-----+--------+

Top non-repeatable levels by time:
     D:5: 1513 daAuts
     D:7: 1136 daAuts
     D:9: 977 daAuts
     D:3: 961 daAuts
     D:8: 813 daAuts
     D:4: 749 daAuts
     D:6: 747 daAuts
     D:2: 743 daAuts
     D:1: 696 daAuts
  Lair:1: 515 daAuts
  Temple: 19 daAuts
